AoeStats
← TheQuietRiot

Hideout

507833641Analyzed
1v1 RM · 12d ago on Sep 19, 2026· 33m 55s· 2 players
Game mode
Random Map
Map size
Tiny (2 player)
Population
200
Speed
Normal
Resources
Standard
Victory
Conquest
Starting age
Dark Age
Ending age
Imperial Age
RankedLock teamsTeams togetherTeam positionsShared explorationLock speedFull tech treeHidden civsTurbo modeCheats
Victory
Defeat
🇬🇧 Teutons · United Kingdom
1002
+14
🇦🇷 Lithuanians · Argentina
962
-14
Adriaan-M
6:31 Loom
9:13 Feudal Age
9:58 Double-Bit Axe
14:40 Castle Age
14:06 Horse Collar
21:10 Fletching
TheQuietRiot
10:23 Feudal Age
9:01 Loom
11:36 Double-Bit Axe
16:41 Castle Age
15:22 Horse Collar
16:14 Forging
17:38 Bloodlines
17:31 Heavy Plow
18:56 Scale Mail Armor
22:35 Squires
24:06 Pikeman
27:55 Bow Saw
31:09 Iron Casting
31:46 Wheelbarrow
32:01 Gold Mining
34:38 Scale Barding Armor
Connection lost

Rejoining the realm…

Still unreachable

The connection could not be restored.

Session expired

The server has moved on; the page needs a fresh start.